 Dungeon Crawl Stone Soup version 0.26-a0-651-gb41185065b (webtiles) character file.

Game seed: 1274712171167873966

0 Gargoyl the Skirmisher (level 1, 0/18 HPs)
             Began as a Gnoll Abyssal Knight on Sept 29, 2020.
             Was a Follower of Lugonu.
             Killed from afar by a white imp (7 damage)
             ... with a puff of frost
             ... on level 1 of the Abyss.
             The game lasted 00:00:23 (121 turns).

Gargoyl the Skirmisher (Gnoll Abyssal Knight)        Turns: 121, Time: 00:00:23

Health: 0/18       AC:  3    Str: 14    XL:     1   Next: 0%
Magic:  2/2        EV: 12    Int: 14    God:    Lugonu [*.....]
Gold:   16         SH:  0    Dex: 10    Spells: 0/0 levels left

rFire    . . .     SeeInvis .   a - +2 hand axe
rCold    . . .     Faith    .   (no shield)
rNeg     . . .     Spirit   .   b - +0 leather armour
rPois    .         Reflect  .   (no helmet)
rElec    .         Harm     .   (no cloak)
rCorr    .         Rampage  .   (no gloves)
MR       .....                  (no boots)
Stlth    +.........             (no amulet)
HPRegen  0.06/turn              (no ring)
MPRegen  0.08/turn              (no ring)

@: no status effects
A: distributed training, fangs 1, [blurry vision 2], [clumsy 2], [frail 2], [low
mp 3], screaming 1, strong nose
a: Depart the Abyss, Renounce Religion


You were on level 1 of the Abyss.
You worshipped Lugonu.
Lugonu was aware of your devotion.
You visited 0 branches of the dungeon, and saw 0 of its levels.
You visited the Abyss 1 time.

You collected 16 gold pieces.

Inventory:

Hand Weapons
 a - a +2 hand axe (weapon)
Armour
 b - a +0 leather armour (worn)


   Skills:
 + Level 6.4 Fighting
 + Level 0.0 Short Blades
 + Level 0.0 Long Blades
 + Level 4.4 Axes
 + Level 0.0 Maces & Flails
 + Level 0.0 Polearms
 + Level 0.0 Staves
 + Level 0.0 Slings
 + Level 0.0 Bows
 + Level 0.0 Crossbows
 + Level 0.0 Throwing
 + Level 4.4 Armour
 + Level 2.3 Dodging
 + Level 0.0 Stealth
 + Level 0.0 Shields
 + Level 0.0 Unarmed Combat
 + Level 0.0 Spellcasting
 + Level 0.0 Conjurations
 + Level 0.0 Hexes
 + Level 0.0 Summonings
 + Level 0.0 Necromancy
 + Level 0.0 Translocations
 + Level 0.0 Transmutations
 + Level 0.0 Fire Magic
 + Level 0.0 Ice Magic
 + Level 0.0 Air Magic
 + Level 0.0 Earth Magic
 + Level 0.0 Poison Magic
 + Level 4.4 Invocations
 + Level 0.0 Evocations


You couldn't memorise any spells.
You didn't know any spells.
Your spell library was empty.

Dungeon Overview and Level Annotations

Branches:
Dungeon (0/15)

Altars:


Innate Abilities, Weirdness & Mutations

Your experience applies equally to all skills.
You have very sharp teeth.
Your uncanny sense of smell can sniff out nearby items.
You occasionally shout uncontrollably at your foes.
[Scrolls take you longer to read.]
[You are very clumsy. (Dex -4)]
[You are very frail. (-20% HP)]
[Your magical capacity is extremely low. (-30% MP)]


Message History

The starspawn tentacle constricts you.
You escape the starspawn tentacle's grasp.
The wretched star pulses with an eldritch light!
Your vision blurs. x2
The neqoxec gestures at you.
Strange energies course through your body.
You feel the urge to shout.
The wretched star pulses with an eldritch light!
You feel frail. x2
A red draconian comes into view.
It is wielding a +1 scimitar of holy wrath.
The red draconian roars!
The neqoxec gestures.
A white imp comes into view.
You bark at the white imp!
The white imp shouts!
The white imp barely misses you. The white imp barely misses you.
The white imp gestures at you. The puff of frost hits you!
You die...

...# #d#..## . .
..... #.*# # .. .
#...# #....#..#
....## ##.###...#
##.#..##.#....##..
#....#..##d... #
#5....*#......#
#.#####..#..##.
#@.......#.#...
#...#....#.......
#..#...#######.#.
### #### #


You could see a white imp.

Vanquished Creatures (others)
  4 starspawn tentacles (Abyss:1)
4 creatures vanquished.

Notes
Turn   | Place    | Note
-------+----------+-------------------------------------------
     0 | Abyss:1  | Gargoyl the Gnoll Abyssal Knight began the quest for the
                  | Orb.
     0 | Abyss:1  | Reached XP level 1. HP: 23/23 MP: 3/3
    27 | Abyss:1  | Found a corrupted altar of Lugonu.
    79 | Abyss:1  | Noticed a neqoxec
    80 | Abyss:1  | Noticed a wretched star
    81 | Abyss:1  | Noticed a tentacled starspawn
    91 | Abyss:1  | Gained mutation: You occasionally shout uncontrollably at
                  | your foes. [a neqoxec]
    95 | Abyss:1  | Noticed a red draconian
   121 | Abyss:1  | Killed from afar by a white imp

Illustrated notes

Levels and vault maps discovered:
Abyss:1

Action                   || total
-------------------------++-------
  Use: Scroll            ||     1
Dodge: Dodged            ||     2

Table legend: (Time is in decaauts)
 A = Elapsed time spent in this place.
 B = Non-inter-level travel time spent in this place.
 C = Inter-level travel time spent in this place.
 D = Time resting spent in this place.
 E = Time spent auto-exploring this place.
 F = Levels seen in this place.
 G = Mean time per level.
                   A        B        C        D        E       F      G
               +--------+--------+--------+--------+--------+-----+--------+
         Total |    121 |    121 |      0 |      0 |     77 |   1 |  121.0 |
         Abyss |    121 |    121 |      0 |      0 |     77 |   1 |  121.0 |
               +--------+--------+--------+--------+--------+-----+--------+

Top non-repeatable levels by time:
 Abyss:1: 121 daAuts
